AoeStats
← cory2045

Arabia

510248761Analyzed
2v2 RM · 1d ago on Sep 30, 2026· 31m 19s· 4 players
Game mode
Random Map
Map size
Medium (4 player)
Population
200
Speed
Normal
Resources
Standard
Victory
Conquest
Starting age
Dark Age
Ending age
Imperial Age
RankedLock teamsTeams togetherTeam positionsShared explorationLock speedFull tech treeHidden civsTurbo modeCheats
Victory
Defeat
🇺🇸 Lithuanians · United States
1311
+12
🇲🇽 Franks · Mexico
1308
+12
🇦🇷 Jurchens · Argentina
1238
-12
🇨🇳 Franks · China
1209
-12
Wachis
4:52 Loom
9:32 Feudal Age
10:07 Double-Bit Axe
21:03 Castle Age
19:28 Forging
20:32 Gold Mining
21:48 Husbandry
22:28 Gold Shaft Mining
22:41 Bow Saw
24:06 Scale Barding Armor
25:40 Stone Mining
27:01 Iron Casting
27:41 Wheelbarrow
29:10 Chain Barding Armor
31:19 Scale Mail Armor
31:47 Hand Cart
cory2045
4:29 Loom
5:54 Loom
8:11 Feudal Age
9:37 Double-Bit Axe
13:42 Horse Collar
18:37 Wheelbarrow
21:38 Castle Age
19:59 Scale Barding Armor
20:05 Forging
20:03 Gold Mining
21:09 Bloodlines
22:28 Scale Mail Armor
23:12 Iron Casting
23:49 Bow Saw
24:05 Husbandry
24:57 Heavy Plow
26:33 Chain Barding Armor
The beast
7:08 Loom
7:34 Loom
9:49 Feudal Age
10:19 Double-Bit Axe
11:23 Town Watch
18:35 Forging
19:54 Scale Barding Armor
19:50 Horse Collar
23:54 Castle Age
22:09 Scale Mail Armor
24:49 Bloodlines
25:38 Chain Barding Armor
YUZ
9:38 Feudal Age
15:45 Loom
23:15 Castle Age
22:53 Scale Barding Armor
22:59 Forging
23:11 Double-Bit Axe
24:56 Chain Barding Armor
30:46 Husbandry
Connection lost

Rejoining the realm…

Still unreachable

The connection could not be restored.

Session expired

The server has moved on; the page needs a fresh start.